 Dungeon Crawl Stone Soup version 0.22-a0-109-gbeb7240 (webtiles) character file.

31382 tsouns the Cleaver (level 13, -1/142 HPs)
             Began as a Minotaur Chaos Knight on Jan 26, 2018.
             Slain by a reaper
             ... wielding a +0 scythe of freezing
              (25 damage)
             ... in an ice cave.
             The game lasted 00:41:35 (13412 turns).

tsouns the Cleaver (Minotaur Chaos Knight)         Turns: 13412, Time: 00:41:36

Health: -1/142     AC: 26    Str: 28    XL:     13   Next: 25%
Magic:  4/4        EV: 14    Int: 16    God:    Xom [..*...]
Gold:   572        SH:  0    Dex: 15    Spells: 10/12 levels left

rFire    + + .     SeeInvis +   M - +2 battleaxe (antimagic)
rCold    + . .     Gourm    .   (shield currently unavailable)
rNeg     + . .     Faith    .   P - +0 fire dragon scales
rPois    +         Spirit   .   (helmet unavailable)
rElec    .         Reflect  .   u - +2 cloak
rCorr    +         Harm     .   y - +2 pair of gloves {Str+3}
MR       ++...                  S - +2 pair of boots {Fly}
Stlth    +.........             x - amulet "Ynoch" {RegenMP rC+ rN+ Int+7 Stlth+}
HPRegen  0.33/turn              L - ring of resist corrosion
MPRegen  0.34/turn              G - ring of see invisible

@: flying
A: retaliatory headbutt, horns 3, talons 2, iridescent scales 2, rugged brown
scales 1, agile 2, blurry vision 1, cold resistance 1, magic resistance 2,
mutation resistance 1, sense surroundings 2, poison resistance, robust 2, strong
2, wild magic 2
a: Renounce Religion, Stop Flying


You were in an ice cave.
You worshipped Xom.
You were a toy of Xom.
You were not hungry.

You visited 3 branches of the dungeon, and saw 16 of its levels.
You also visited: Labyrinth and Ice Cave.

You collected 1103 gold pieces.
You spent 531 gold pieces at shops.

Inventory:

Hand Weapons
 J - the +7 longbow "Piercer" {penet, EV-2}
   (You found it on level 9 of the Dungeon)

   Ammo fired by it will pass through the targets it hits, potentially hitting
   all targets in its path until it reaches maximum range.
   It affects your evasion (-2).
 M - a +2 antimagic battleaxe (weapon)
Missiles
 f - 332 stones (quivered)
 p - a throwing net
 w - 180 arrows
Armour
 l - a +1 plate armour
 n - +0 ice dragon scales
 u - a +2 cloak (worn)
 y - a +2 pair of gloves of strength (worn)
 z - the +1 shield "Ellul" {-Cast rElec rN++}
   (You found it on level 6 of the Dungeon)

   It insulates you from electricity.
   It greatly protects you from negative energy.
   It prevents spellcasting.
 E - the +5 scale mail of Nihilism {-Cast rPois rF+}
   (Xom gifted it to you on level 8 of the Dungeon)

   It protects you from fire.
   It protects you from poison.
   It prevents spellcasting.
 P - +0 fire dragon scales (worn)
 R - a +0 hat of intelligence
 S - a +2 pair of boots of flying (worn)
 T - a +0 hat of intelligence
Jewellery
 x - the amulet "Ynoch" (around neck) {RegenMP rC+ rN+ Int+7 Stlth+}
   (You found it on level 5 of the Dungeon)

   [amulet of magic regeneration]

   It increases your magic regeneration.
   It affects your intelligence (+7).
   It protects you from cold.
   It protects you from negative energy.
   It makes you more stealthy.
 G - a ring of see invisible (right hand)
 L - a ring of resist corrosion (left hand)
Wands
 a - a wand of polymorph (13)
 i - a wand of iceblast (18)
 j - a wand of scattershot (6)
 k - a wand of enslavement (19)
 A - a wand of digging (8)
 K - a wand of paralysis (42)
 Q - a wand of flame (39)
Scrolls
 b - 9 scrolls of teleportation
 g - 2 scrolls of fear
 q - 8 scrolls of identify
 s - 3 scrolls of immolation
 v - 2 scrolls of enchant armour
 B - a scroll of vulnerability
 D - a scroll of amnesia
 F - 5 scrolls of remove curse
 I - 2 scrolls of fog
Potions
 e - 2 potions of ambrosia
 h - 4 potions of agility
 m - 3 potions of curing
 o - 2 potions of brilliance
 r - 2 potions of lignification
 t - a potion of haste
 C - a potion of berserk rage
 H - 2 potions of might
 O - 2 potions of mutation
Miscellaneous
 d - a phial of floods
Comestibles
 c - 28 rations
 N - 4 chunks of flesh


   Skills:
 + Level 11.6 Fighting
 + Level 14.0 Axes
 + Level 13.7 Bows
 + Level 8.7 Armour
 + Level 6.7 Dodging
 - Level 1.4 Stealth
 - Level 6.0 Shields
 + Level 3.4 Evocations


You had 10 spell levels left.
You knew the following spells:

 Your Spells              Type           Power        Failure   Level  Hunger
a - Call Imp              Summ           #.......     78%         2    ###....


Dungeon Overview and Level Annotations

Branches:
Dungeon (10/15)            Temple (1/1) D:4            Lair (5/6) D:8
 Shoals (0/4) Lair:3       Spider (0/4) Lair:2
  Slime: Lair:5-6       Orc: D:9-12

Altars:
Hepliaklqana
Kikubaaqudgha
Nemelex Xobeh
Sif Muna
Xom

Shops:
D:4 *   D:5 *=:=   D:9 [

Annotations:
D:9 Graouh's ghost, journeyman MiFi


Innate Abilities, Weirdness & Mutations

You reflexively headbutt those who attack you in melee.
You have a pair of large horns on your head.
You have razor-sharp toenails.
You are mostly covered in iridescent scales. (AC +4)
You are partially covered in rugged brown scales. (AC +1, +3% HP)
You are very agile. (Dex +4)
Scrolls take you a little longer to read.
Your flesh is cold resistant. (rC+)
You are highly resistant to hostile enchantments. (MR++)
You are somewhat resistant to further mutation.
You passively map the area around you.
Your system is resistant to poisons. (rPois)
You are very robust. (+20% HP)
Your muscles are very strong. (Str +4)
Your spells are harder to cast, but more powerful.


Message History

* * * LOW HITPOINT WARNING * * *
The reaper freezes you.
* * * LOW HITPOINT WARNING * * *
Really read with blurry vision while enemies are nearby? [Y]es or [N]o only, please.
Really read with blurry vision while enemies are nearby?
Okay, then.
The ice devil hits you.
* * * LOW HITPOINT WARNING * * *
The ice devil freezes you! You resist.
* * * LOW HITPOINT WARNING * * *
Unknown command.
You are engulfed in freezing vapours.
You resist.
* * * LOW HITPOINT WARNING * * *
Okay, then.
Okay, then.
You feel better.
You are engulfed in freezing vapours.
You resist.
The reaper hits you from afar with a scythe of freezing!!
You die...
Xom guffaws!

.## ######..##.....##§..#
..###.#............###..#
...#.........##...##...##
........###########§..##
.....####≈ ≈ ###§§.##
...###≈ ######§§§###
.###≈≈ ####.§..§§§## ##
#.§§§..2§§§§### * *
#§§..##..4§@§§§§# ≈ *
§§§.§*#..####§§§§§§#* *
§§§#...... #§§§.§§§
§§,###..≈.§ ##...§§§, *,§
,##...§.,*#..§§§ , ≈
,...#.≈.,,.§§.§ *
##..#..## .... ...#§§.
*..## ≈ ≈≈ ,,, , **


You could see a reaper and an ice devil.

Vanquished Creatures
  A dire elephant (Lair:1)
  A fire dragon (Lair:5)
  A minotaur (Lab)
  4 hydras
  An ice dragon (Lair:4)
  Sonja (D:10)
  A lindwurm (Lair:4)
  A salamander (Lair:5)
  2 ice statues (IceCv)
  3 black mambas
  Psyche (D:10)
  4 spiny frogs
  6 komodo dragons
  7 ice devils (IceCv)
  2 trolls
  4 hornets
  10 blink frogs
  3 hippogriffs
  2 fire bats (Lair:5)
  A human (D:8)
  20 yaks
  3 wyverns
  5 basilisks
  3 hungry ghosts
  5 water moccasins
  6 porcupines
  A swamp drake (Lair:1)
  3 orc warriors
  A sky beast (shapeshifter) (D:2)
  A swamp drake (shapeshifter) (D:10)
  2 phantoms
  A sky beast (D:10)
  An ice beast (D:8)
  6 ogres
  A necrophage (D:10)
  4 wolves (D:10)
  8 centaurs
  15 crocodiles
  12 bullfrogs
  A wyvern zombie (D:7)
  2 scorpions
  17 killer bees
  A vampire bat (D:7)
  6 howler monkeys
  4 hounds
  A lava snake (Lair:5)
  5 orc priests
  4 orc wizards
  3 jellies
  5 iguanas
  Natasha (thrice) (D:2)
  Robin (D:3)
  5 gnolls
  8 adders
  4 shadow imps
  12 white imps
  6 ufetubi (IceCv)
  An ooze (D:6)
  2 adder skeletons
  2 worms
  3 dart slugs
  11 leopard geckos
  13 orcs
  A ball python (D:1)
  4 bat zombies (D:7)
  7 giant cockroaches
  8 goblins
  7 hobgoblins
  7 jackals
  A quokka (D:4)
  4 bats
  18 frilled lizards
  4 kobolds
  A leopard gecko zombie (D:5)
  A quokka skeleton (D:7)
  8 rats
  A fungus (Lair:1)
  A plant (Lair:4)
347 creatures vanquished.

Vanquished Creatures (collateral kills)
  The ghost of Demitroll the Spear-Bearer, a journeyman DrCj of Okawaru (Lair:2)
  Harold (D:10)
  A komodo dragon (Lair:3)
  2 blink frogs (Lair:5)
  An ogre (D:8)
  A centaur (D:5)
  A gnoll sergeant (D:4)
  An electric eel (Lair:2)
  5 gnolls (D:4)
  An adder (D:8)
15 creatures vanquished.

Vanquished Creatures (others)
  3 yaks (Lair:1)
  2 white imps (IceCv)
  3 ufetubi (IceCv)
  A quokka (D:2)
  A fungus (Lair:1)
  7 plants
17 creatures vanquished.

Grand Total: 379 creatures vanquished

Notes
Turn   | Place    | Note
-------+----------+-------------------------------------------
     0 | D:1      | tsouns the Minotaur Chaos Knight began the quest for the Orb.
     0 | D:1      | Reached XP level 1. HP: 19/19 MP: 0/0
     3 | D:1      | XOM: harmless Summ miscast
    24 | D:1      | Found a sparkling altar of Nemelex Xobeh.
   100 | D:1      | XOM: divination: detect creatures
   173 | D:1      | Reached skill level 4 in Axes
   173 | D:1      | Reached XP level 2. HP: 24/27 MP: 1/1
   373 | D:1      | XOM: god gift: weird runed staff {god gift}
   464 | D:1      | XOM: fog
   659 | D:2      | Noticed Natasha
   664 | D:2      | Noticed a crimson imp
   664 | D:2      | XOM: scenery: create altars
   665 | D:2      | Killed Natasha
   665 | D:2      | Reached XP level 3. HP: 14/34 MP: 2/2
   687 | D:2      | Noticed Natasha
   691 | D:2      | XOM: summons friendly crimson imp
   965 | D:1      | XOM: scenery: create altars
   985 | D:2      | Found a faded altar of an unknown god.
   985 | D:2      | XOM: 3-stop teleportation journey
   997 | D:2      | XOM: mild Summ miscast
  1080 | D:2      | XOM: divination: detect items
  1091 | D:2      | XOM: give mutations
  1091 | D:2      | Gained mutation: You passively map a small area around you. [Xom's grace]
  1091 | D:2      | Gained mutation: Your muscles are strong. (Str +2) [Xom's grace]
  1091 | D:2      | Gained mutation: You are somewhat resistant to further mutation. [Xom's grace]
  1091 | D:2      | Gained mutation: You are resistant to hostile enchantments. (MR+) [Xom's grace]
  1140 | D:2      | Noticed a sky beast
  1140 | D:2      | a worm changed into a sky beast
  1147 | D:2      | Killed a sky beast
  1147 | D:2      | Reached skill level 5 in Fighting
  1147 | D:2      | Reached skill level 5 in Axes
  1147 | D:2      | Reached XP level 4. HP: 23/42 MP: 3/3
  1147 | D:2      | Reached XP level 5. HP: 27/49 MP: 4/4
  1446 | D:2      | Killed Natasha
  1631 | D:2      | Noticed Natasha
  1633 | D:2      | Killed Natasha
  1633 | D:2      | Reached skill level 6 in Axes
  1797 | D:2      | XOM: scenery: 1 doors close
  1848 | D:3      | XOM: polymorph ooze -> adder
  1919 | D:3      | Noticed Robin
  1941 | D:3      | Killed Robin
  1941 | D:3      | Reached XP level 6. HP: 57/57 MP: 5/5
  2475 | D:4      | Found a staircase to the Ecumenical Temple.
  2479 | Temple   | Entered the Ecumenical Temple
  2570 | D:4      | Reached skill level 7 in Axes
  2620 | D:4      | XOM: chaos upgrade
  2629 | D:4      | XOM: give mutation
  2629 | D:4      | Gained mutation: Scrolls take you a little longer to read. [Xom's mischief]
  2934 | D:4      | Reached XP level 7. HP: 64/64 MP: 6/6
  3078 | D:4      | Found Mics's Assorted Antiques.
  3082 | D:4      | XOM: silly message
  3083 | D:4      | Bought a scroll labeled KACWYN BYJ for 25 gold pieces
  3083 | D:4      | Bought a scroll labeled UHEFIWN KUFOGEJA for 25 gold pieces
  3083 | D:4      | Bought a steel ring for 125 gold pieces
  3083 | D:4      | Bought a scroll of identify for 50 gold pieces
  3280 | D:5      | Entered Level 5 of the Dungeon
  3280 | D:5      | XOM: summons friendly quasit
  3282 | D:5      | Reached skill level 8 in Axes
  3315 | D:5      | Found Loapodytre's Book Boutique.
  3318 | D:5      | Found Gonuelim's Jewellery Shoppe.
  3495 | D:5      | Found Yku Xuto's General Store.
  3557 | D:5      | XOM: potion effect (invisibility)
  3577 | D:5      | Bought a potion of ambrosia for 104 gold pieces
  3692 | D:5      | Got a smoking graven amulet
  3693 | D:5      | Identified the amulet "Ynoch" {RegenMP rC+ rN+ Int+7 Stlth+} (You found it on level 5 of the Dungeon)
  3752 | D:5      | Found Bebbaetz's Jewellery Boutique.
  3859 | D:6      | Reached skill level 9 in Axes
  3859 | D:6      | Reached XP level 8. HP: 47/73 MP: 7/7
  4042 | D:6      | Got a shimmering shield
  4056 | D:6      | Identified the +1 shield "Ellul" {-Cast rElec rN++} (You found it on level 6 of the Dungeon)
  4402 | D:7      | XOM: cast spell 'Shadow Creatures'
  4457 | D:7      | XOM: confuse monster(s)
  4500 | D:7      | Reached skill level 1 in Stealth
  4509 | D:7      | XOM: cast spell 'Shadow Creatures'
  4524 | D:7      | XOM: 3-stop teleportation journey
  4569 | D:7      | XOM: cloud trail
  4666 | D:7      | Reached skill level 1 in Shields
  4702 | D:7      | Found an ancient bone altar of Kikubaaqudgha.
  4709 | D:7      | Reached skill level 5 in Armour
  5185 | D:8      | Reached skill level 10 in Axes
  5255 | D:8      | XOM: summons 8 friendly demons
  5269 | D:8      | Found a staircase to the Lair.
  5277 | D:8      | Noticed a komodo dragon
  5284 | D:8      | Noticed a hornet
  5284 | D:8      | XOM: butterfly on damage
  5290 | D:8      | XOM: cleaving
  5401 | D:7      | XOM: god gift: golden ring {god gift}
  5539 | D:7      | XOM: give mutations
  5539 | D:7      | Gained mutation: Your system is resistant to poisons. (rPois) [Xom's grace]
  5539 | D:7      | Gained mutation: Your spells are a little harder to cast, but a little more powerful. [Xom's grace]
  5539 | D:7      | Gained mutation: You are partially covered in rugged brown scales. (AC +1, +3% HP) [Xom's grace]
  5587 | D:8      | Noticed a centaur warrior
  5611 | D:8      | Noticed a hippogriff
  5638 | D:8      | Reached XP level 9. HP: 83/83 MP: 8/8
  5642 | D:8      | XOM: summons friendly crimson imp
  5709 | D:8      | XOM: god gift: heavily runed scale mail {god gift}
  5710 | D:8      | Got a heavily runed scale mail {god gift}
  5724 | D:8      | Identified the +5 scale mail of Nihilism {-Cast rPois rF+} (Xom gifted it to you on level 8 of the Dungeon)
  5932 | D:8      | XOM: cleaving
  5938 | D:8      | Killed a komodo dragon
  5974 | D:8      | XOM: give mutations
  5974 | D:8      | Gained mutation: You have sharp toenails. [Xom's grace]
  5974 | D:8      | Gained mutation: You are robust. (+10% HP) [Xom's grace]
  5974 | D:8      | Gained mutation: Your muscles are very strong. (Str +4) [Xom's grace]
  6018 | D:8      | Reached skill level 11 in Axes
  6029 | D:8      | Found a hazy altar of Hepliaklqana.
  6030 | D:8      | XOM: harmless Tmut miscast
  6284 | Lair:1   | Entered Level 1 of the Lair of Beasts
  6300 | Lair:1   | Noticed a black mamba
  6316 | Lair:1   | XOM: harmless Fire miscast
  6318 | Lair:1   | Killed a black mamba
  6586 | D:9      | Noticed a troll
  6596 | D:9      | Reached skill level 5 in Shields
  6600 | D:9      | Killed a troll
  6608 | D:9      | XOM is BORED!
  6608 | D:9      | XOM: 1-stop teleportation journey
  6615 | D:9      | Reached XP level 10. HP: 70/102 MP: 9/9
  6774 | D:9      | Got a dazzling leather armour
  6785 | D:9      | Identified the +3 leather armour "Loyb Sorr" {rC- Regen+ Str-5 SInv} (You found it on level 9 of the Dungeon)
  6845 | D:9      | Noticed Graouh's ghost (journeyman MiFi)
  6902 | D:9      | Found the +7 longbow "Piercer" {penet, EV-2}
  6955 | D:9      | XOM: 4-stop teleportation journey
  6998 | D:9      | XOM: 2-stop teleportation journey
  7021 | D:9      | XOM: enchant monster (good)
  7157 | D:9      | XOM: scenery: create altars
  7379 | D:9      | XOM: summons friendly iron imp
  7407 | D:9      | Found a deep blue altar of Sif Muna.
  7415 | D:9      | Reached skill level 12 in Axes
  7486 | D:9      | XOM: god gift: pair of runed gloves {god gift}
  7494 | D:9      | Found Hacudy's Antique Armour Shoppe.
  7505 | D:9      | Bought a pair of glowing boots for 202 gold pieces
  7560 | D:9      | XOM: scenery: 1 doors open, 1 doors close
  7638 | D:10     | Entered Level 10 of the Dungeon
  7671 | D:10     | Noticed Psyche
  7675 | D:10     | Killed Psyche
  7772 | D:10     | Noticed Sonja
  7778 | D:10     | Killed Sonja
  7778 | D:10     | Reached skill level 10 in Fighting
  7781 | D:10     | Noticed Harold
  7784 | D:10     | XOM: destruction
  7786 | D:10     | Killed Harold
  7786 | D:10     | Reached skill level 5 in Dodging
  7792 | D:10     | XOM: cloud trail
  7929 | D:10     | XOM: cleaving
  7942 | D:10     | Reached skill level 1 in Bows
  8167 | D:10     | Reached skill level 13 in Axes
  8176 | D:10     | XOM: fog
  8381 | D:10     | XOM: cloud trail
  8477 | D:10     | Noticed Grum
  8492 | D:10     | Reached XP level 11. HP: 77/114 MP: 3/10
  8493 | D:10     | Grum changed into Grum the wyvern
  8493 | D:10     | XOM: polymorph Grum -> Grum the wyvern
  8873 | D:6      | XOM: stat loss: -1 Str (22/23)
  8994 | Lair:1   | XOM: give mutations
  8994 | Lair:1   | Gained mutation: You have a pair of large horns on your head. [Xom's grace]
  8994 | Lair:1   | Gained mutation: You are agile. (Dex +2) [Xom's grace]
  8994 | Lair:1   | Lost mutation: You are somewhat resistant to further mutation. [Xom's grace]
  8994 | Lair:1   | Gained mutation: You evolve. [Xom's grace]
  9001 | Lair:1   | XOM: confuse monster(s)
  9011 | Lair:1   | XOM: scenery: create altars
  9025 | Lair:1   | XOM: cast spell 'Summon Butterflies'
  9030 | Lair:1   | Reached skill level 5 in Bows
  9030 | Lair:1   | XOM: divine lightning
  9079 | Lair:1   | XOM: harmless Fire miscast
  9107 | Lair:1   | XOM: medium Air miscast
  9196 | Lair:1   | Noticed an eight-headed hydra
  9200 | Lair:1   | Killed an eight-headed hydra
  9483 | Lair:1   | Noticed a four-headed hydra
  9483 | Lair:1   | Noticed a dire elephant
  9483 | Lair:1   | a four-headed hydra changed into a dire elephant
  9483 | Lair:1   | XOM: polymorph four-headed hydra -> dire elephant
  9495 | Lair:1   | XOM: harmless Conj miscast
  9518 | Lair:1   | Killed a dire elephant
  9598 | Lair:1   | XOM: 10-stop teleportation journey
  9921 | Lair:1   | Noticed a seven-headed hydra
  9926 | Lair:1   | XOM: give mutation
  9926 | Lair:1   | Gained mutation: Your spells are harder to cast, but more powerful. [Xom's grace]
  9927 | Lair:1   | Killed a seven-headed hydra
  9982 | Lair:1   | XOM: cloud trail
 10028 | Lair:1   | XOM: god gift: 6 rations
 10056 | Lair:1   | Reached skill level 10 in Bows
 10091 | Lair:1   | XOM: 2-stop teleportation journey
 10263 | Lair:2   | Found a hole to the Spider Nest.
 10358 | Lair:2   | XOM: enchant monster (good)
 10363 | Lair:2   | XOM: give mutation
 10363 | Lair:2   | Gained mutation: You are highly resistant to hostile enchantments. (MR++) [Xom's grace]
 10432 | Lair:2   | Noticed a seven-headed hydra
 10443 | Lair:2   | Killed a seven-headed hydra
 10443 | Lair:2   | Reached XP level 12. HP: 88/122 MP: 6/11
 10482 | Lair:2   | Noticed Demitroll's ghost (journeyman DrCj)
 10491 | Lair:2   | XOM: cast spell 'Summon Ice Beast'
 10514 | Lair:2   | Killed Demitroll's ghost
 10518 | Lair:2   | XOM: scenery: 1 doors close
 10857 | Lair:2   | XOM: give mutations
 10857 | Lair:2   | Gained mutation: You are partially covered in iridescent scales. (AC +2) [Xom's grace]
 10857 | Lair:2   | Lost mutation: You evolve. [Xom's grace]
 10857 | Lair:2   | Gained mutation: You are somewhat resistant to further mutation. [Xom's grace]
 10933 | Lair:3   | XOM: summons 5 friendly demons
 10938 | Lair:3   | XOM: give mutations
 10938 | Lair:3   | Gained mutation: You have razor-sharp toenails. [Xom's grace]
 10938 | Lair:3   | Gained mutation: Your flesh is cold resistant. (rC+) [Xom's grace]
 10938 | Lair:3   | Gained mutation: You are mostly covered in iridescent scales. (AC +4) [Xom's grace]
 10938 | Lair:3   | Gained mutation: You are very robust. (+20% HP) [Xom's grace]
 10955 | Lair:3   | Found a staircase to the Shoals.
 10978 | Lair:3   | Found a labyrinth entrance.
 10990 | Lab      | Entered a labyrinth
 11151 | Lab      | XOM: give mutation
 11151 | Lab      | Gained mutation: You passively map the area around you. [Xom's grace]
 11234 | Lab      | XOM: god gift: 18 gold pieces
 11376 | Lab      | XOM: scenery: create altars
 11539 | Lab      | Noticed a minotaur
 11544 | Lab      | XOM: noise
 11546 | Lab      | Killed a minotaur
 11546 | Lab      | XOM: harmless Hex miscast
 11550 | Lab      | Identified the Grimoire of Moulding
 11571 | Lair:3   | XOM: medium Erth miscast
 11694 | Lair:3   | You are sucked into a shaft!
 11726 | Lair:4   | Noticed an ice dragon
 11734 | Lair:4   | Killed an ice dragon
 12023 | Lair:4   | XOM: enchant monster (bad)
 12024 | Lair:4   | XOM: noise
 12027 | Lair:4   | Reached skill level 1 in Evocations
 12387 | Lair:4   | Paralysed by a hornet for 3 turns
 12544 | Lair:4   | Noticed a four-headed hydra
 12552 | Lair:4   | Killed a four-headed hydra
 12571 | Lair:4   | Learned a level 2 spell: Call Imp
 12882 | Lair:5   | Reached XP level 13. HP: 141/142 MP: 4/13
 12994 | Lair:5   | XOM: 1-stop teleportation journey
 13060 | Lair:5   | Noticed a fire dragon
 13066 | Lair:5   | XOM: mild Pois miscast
 13070 | Lair:5   | XOM: enchant monster (bad)
 13072 | Lair:5   | Killed a fire dragon
 13078 | Lair:5   | XOM: mild Fire miscast
 13120 | Lair:5   | XOM: give mutation
 13120 | Lair:5   | Gained mutation: You are very agile. (Dex +4) [Xom's grace]
 13204 | Lair:5   | XOM: cast spell 'Cause Fear'
 13209 | Lair:5   | XOM: summons 13 friendly demons
 13223 | Lair:5   | Found a frozen archway.
 13231 | IceCv    | Entered an ice cave
 13317 | IceCv    | XOM: harmless Fire miscast
 13387 | IceCv    | XOM: noise
 13388 | IceCv    | Reached skill level 14 in Axes
 13392 | IceCv    | Noticed a reaper
 13406 | IceCv    | XOM: enchant monster (good)
 13412 | IceCv    | Slain by a reaper

Vault maps used:
D:1:      scummos_arrival_hexagon, nemelex_diamond_rough_becter
D:2:      first_ration, chequers_ecumenical_altar_island, uniq_natasha
D:3:      uniq_robin
D:4:      temple_statues, serial_shops, nicolae_shop_waterfront
D:5:      serial_shops, nicolae_shop_statue_plus, nicolae_shop_statue_plus,
          nicolae_shop_statue_plus, shop_coins, abandoned_shop,
          minmay_tree_intersection
D:7:      kennysheep_vampire_church
D:8:      david_lair_shrubbed, basic_altar, grunt_pizzeria,
          onia_ninara_dug_in_and_dangerous
D:9:      kennysheep_orc_sif_temple, serial_shops, kennysheep_little_box
D:10:     uniq_psyche, uniq_grum, uniq_sonja, uniq_harold
Temple:   roderic_octagonal_lattice_temple
Lair:1:   lemuel_reptile_caves
Lair:2:   dummy_spider_entry, serial_bayou_lagoon_b
Lair:3:   shoals_dummy_entry, lab_entry_generic, infiniplex_staircase_pool_2,
          uniq_nergalle
Lair:4:   cheibrodos_lair_overgrown_chateau, bobbens_ice_dragon_lair
Lair:5:   dragon1_lemuel, portal_ice_cave_entry_pillars_2,
          eino_house_with_fridge
Lab:      nicolae_lab_garden, nicolae_lab_stuck, nicolae_lab_do_over
IceCv:    ice_cave_small_demon

Skill      XL: |  1  2  3  4  5  6  7  8  9 10 11 12 13 |
---------------+----------------------------------------+-----
Fighting       | 4 5 6 7 8 9 10 11 | 11.6
Axes           | 4 5 6 7 9 10 11 13 14 | 14.0
Armour         | 3 5 6 7 8 |  8.7
Dodging        | 2 4 5 6 |  6.7
Stealth        | 1 |  1.4
Shields        | 2 5 6 |  6.0
Bows           | 2 11 13 | 13.7
Evocations     | 2 3 |  3.4

Action                   |  1- 3 |  4- 6 |  7- 9 | 10-12 | 13-15 || total
-------------------------+-------+-------+-------+-------+-------++-------
Melee: Hand axe          |    70 |   134 |    46 |       |       ||   250
       Headbutt          |     8 |    19 |    41 |    95 |    27 ||   190
       War axe           |       |       |   244 |    77 |       ||   321
       Battleaxe         |       |       |       |   323 |    83 ||   406
 Fire: Longbow           |       |       |       |   101 |       ||   101
Throw: Stone             |       |       |     1 |       |       ||     1
Evoke: Wand              |       |       |     1 |     3 |       ||     4
       Phial of floods   |       |       |       |     1 |       ||     1
  Use: Potion            |     1 |       |       |     2 |     2 ||     5
       Scroll            |       |    11 |     8 |     9 |     2 ||    30
 Stab: Paralysed         |       |     2 |     1 |       |       ||     3
       Confused          |       |       |     1 |     1 |       ||     2
       Distracted        |       |       |     1 |       |       ||     1
       Petrifying        |       |       |     1 |       |       ||     1
       Sleeping          |       |       |       |     2 |       ||     2
  Eat: Ration            |     1 |       |     5 |     2 |       ||     8
       Chunk             |       |     3 |     6 |    14 |     2 ||    25
Armor: Leather armour    |    18 |    17 |       |       |       ||    35
       Plate armour      |       |    58 |    20 |       |       ||    78
       Ice dragon scales |       |       |    75 |       |       ||    75
       Scale mail        |       |       |    34 |   238 |    22 ||   294
       Fire dragon scale |       |       |       |       |    42 ||    42
Dodge: Dodged            |    46 |    49 |    79 |   320 |    60 ||   554
Block: Buckler           |       |       |     2 |       |       ||     2
       Shield            |       |       |    95 |    59 |       ||   154

Table legend:
 A = Spawn XP
 B = Non-spawn XP
 C = Spawn XP percentage of total XP
 D = Spawn monster count
 E = Non-spawn monster count
 F = Spawn count percentage of total count
 G = Total turns spent on level
                    A         B        C        D         E        F      G
               +---------+---------+-------+---------+---------+-------+---------
         Total |       0 |   44832 |   0.0 |       0 |     364 |   0.0 | 13412
               +---------+---------+-------+---------+---------+-------+---------
           D:1 |       0 |      26 |   0.0 |       0 |      13 |   0.0 |   868
           D:2 |       0 |     298 |   0.0 |       0 |      21 |   0.0 |   948
           D:3 |       0 |     133 |   0.0 |       0 |      27 |   0.0 |   622
           D:4 |       0 |     360 |   0.0 |       0 |      19 |   0.0 |   840
           D:5 |       0 |     523 |   0.0 |       0 |      11 |   0.0 |   642
           D:6 |       0 |     170 |   0.0 |       0 |       8 |   0.0 |   595
           D:7 |       0 |     816 |   0.0 |       0 |      23 |   0.0 |  1101
           D:8 |       0 |    1964 |   0.0 |       0 |      20 |   0.0 |  1265
           D:9 |       0 |    2041 |   0.0 |       0 |      25 |   0.0 |  1072
          D:10 |       0 |    4404 |   0.0 |       0 |      37 |   0.0 |   930
        Lair:1 |       0 |    8870 |   0.0 |       0 |      57 |   0.0 |  1365
        Lair:2 |       0 |    3387 |   0.0 |       0 |      10 |   0.0 |   671
        Lair:3 |       0 |    2256 |   0.0 |       0 |       9 |   0.0 |   199
        Lair:4 |       0 |    9569 |   0.0 |       0 |      37 |   0.0 |  1176
        Lair:5 |       0 |    4796 |   0.0 |       0 |      18 |   0.0 |   361
           Lab |       0 |    1834 |   0.0 |       0 |       5 |   0.0 |   574
         IceCv |       0 |    3385 |   0.0 |       0 |      24 |   0.0 |   181
               +---------+---------+-------+---------+---------+-------+---------
